 Dungeon Crawl Stone Soup version 0.23-a0-315-ga85b81c (webtiles) character file.

429 Amnesiac the Digger (level 6, 0/49 HPs)
             Began as a Deep Dwarf Earth Elementalist on Oct 13, 2018.
             Was an Initiate of Ashenzari.
             Slain by an orc
             ... wielding a +0 short sword
              (2 damage)
             ... on level 5 of the Dungeon.
             The game lasted 00:11:15 (4200 turns).

Amnesiac the Digger (Deep Dwarf Earth Elementalist) Turns: 4200, Time: 00:11:16

Health: 0/49       AC:  2    Str:  8    XL:     6   Next: 66%
Magic:  0/10       EV: 12    Int: 18    God:    Ashenzari [......]
Gold:   232        SH:  0    Dex: 13    Spells: 3/10 levels left

rFire    . . .     SeeInvis +   o - +0 dagger (curse)
rCold    . . .     Gourm    +   (no shield)
rNeg     . . .     Faith    .   c - +0 robe
rPois    +         Spirit   .   (no helmet)
rElec    .         Reflect  .   (no cloak)
rCorr    .         Harm     .   (no gloves)
MR       .....                  (no boots)
Stlth    ++........             i - amulet of the gourmand
HPRegen  0.00/turn              k - -3 ring of strength (curse)
MPRegen  0.12/turn              m - ring of see invisible

@: non-regenerating
A: damage resistance, heal wounds, sense surroundings 1, poison resistance, wild
magic 1, no regeneration
a: Heal Wounds, Curse Item, Renounce Religion


You were on level 5 of the Dungeon.
You worshipped Ashenzari.
Ashenzari was noncommittal.
You were completely stuffed.

You visited 2 branches of the dungeon, and saw 6 of its levels.

You collected 232 gold pieces.

Inventory:

Hand Weapons
 a - a +2 dagger of freezing
 f - a +0 blowgun
 h - a +1 hunting sling of velocity
 o - a cursed +0 dagger (weapon)
 p - a +0 dagger of protection
Missiles
 b - 100 stones (quivered)
 l - 10 poisoned needles
Armour
 c - a +0 robe (worn)
 r - a +0 buckler
Jewellery
 g - an uncursed ring of poison resistance
 i - an amulet of the gourmand (around neck)
 k - a cursed -3 ring of strength (left hand)
 m - a ring of see invisible (right hand)
Wands
 e - a wand of acid (8)
Scrolls
 q - a scroll of immolation {!r}
 t - a scroll of teleportation {!r, unknown}
 u - a scroll of remove curse {!r}
 v - a scroll of enchant weapon {!r}
 w - a scroll of identify {!r}
Potions
 n - a potion of might {!q}
 s - a potion of resistance {!q}
 x - a potion of brilliance {!q, unknown}
Comestibles
 d - 13 rations
 j - a chunk of flesh


   Skills:
 * Level 3.8 Short Blades
 - Level 2.1 Dodging
 - Level 4.0 Stealth
 + Level 2.6 Spellcasting
 + Level 2.8 Transmutations
 + Level 5.1 Earth Magic


You had 3 spell levels left.
You knew the following spells:

 Your Spells              Type           Power        Failure   Level  Hunger
a - Sandblast             Erth           ####..       3%          1    #......
b - Passwall              Tmut/Erth      ###.....     8%          2    ##.....
e - Petrify               Tmut/Erth      ###.....     41%         4    #####..

Your spell library contained the following spells:

 Spells                   Type           Power        Failure   Level  Hunger
 Stone Arrow              Conj/Erth      ###...       26%         3    ###....
 Lee's Rapid Deconstruct  Erth           ####......   58%         5    ######.


Dungeon Overview and Level Annotations

Branches:
Dungeon (5/15)             Temple (1/1) D:4

Altars:
Ashenzari
Cheibriados
Dithmenos
Elyvilon
Fedhas
Gozag
Kikubaaqudgha
Makhleb
Nemelex Xobeh
Okawaru
Qazlal
Ru
Sif Muna
Trog
Vehumet
Wu Jian
Yredelemnul
Zin
The Shining One

Annotations:
D:4 exclusion: 3 slaves, Pikel


Innate Abilities, Weirdness & Mutations

You are resistant to damage.
You can heal yourself by infusing magical energy.
You passively map a small area around you.
You do not regenerate.
Your system is resistant to poisons. (rPois)
Your spells are a little harder to cast, but a little more powerful.


Message History

You can't see any susceptible monsters within range! (Use Z to cast anyway.)
Casting: Sandblast (safe; 3% risk of failure)
Confirm with . or Enter, or press ? or * to list all spells.
You can't see any susceptible monsters within range! (Use Z to cast anyway.)
You see here a leopard gecko corpse.
You butcher the leopard gecko corpse.
j - a chunk of flesh You see here a leopard gecko skeleton.
You start resting.
A quokka comes into view.
An orc priest comes into view.
It is wielding a flail. 2 orcs come into view.
The orc shouts!
The orc moves out of view.
Casting: Sandblast (safe; 3% risk of failure)
Confirm with . or Enter, or press ? or * to list all spells.
Aiming: Sandblast (safe; 3% risk of failure)
Press: ? - help, Shift-Dir - straight line, f - orc
Aim: an orc, wielding a club The blast of sand hits the orc.
You kill the orc!
b - 104 stones The orc priest shouts!
Casting: Sandblast (safe; 3% risk of failure)
Confirm with . or Enter, or press ? or * to list all spells.
Aiming: Sandblast (safe; 3% risk of failure)
Press: ? - help, Shift-Dir - straight line, f - orc priest
Aim: an orc priest, wielding a flail The blast of sand hits the orc priest.
The orc priest is lightly wounded.
b - 103 stones Unknown command.
Casting: Sandblast (safe; 3% risk of failure)
Confirm with . or Enter, or press ? or * to list all spells.
Aiming: Sandblast (safe; 3% risk of failure)
Press: ? - help, Shift-Dir - straight line, f/p - orc priest
Aim: an orc priest, wielding a flail (lightly wounded)
The blast of sand hits the orc priest.
The orc priest is moderately wounded.
b - 102 stones An adder skeleton comes into view.
The orc priest hits you with a flail.
* * * LOW HITPOINT WARNING * * *
Unknown command.
Casting: Sandblast (safe; 3% risk of failure)
Confirm with . or Enter, or press ? or * to list all spells.
Aiming: Sandblast (safe; 3% risk of failure)
Press: ? - help, Shift-Dir - straight line, f/p - orc priest
Aim: an orc priest, wielding a flail (moderately wounded)
The blast of sand hits the orc priest.
The orc priest is heavily wounded.
b - 101 stones Unknown command.
Casting: Sandblast (safe; 3% risk of failure)
Confirm with . or Enter, or press ? or * to list all spells.
Aiming: Sandblast (safe; 3% risk of failure)
Press: ? - help, Shift-Dir - straight line, f/p - orc priest
Aim: an orc priest, wielding a flail (heavily wounded)
The blast of sand misses the orc priest.
The blast of sand hits the adder skeleton.
The adder skeleton is almost destroyed.
b - 100 stones The orc priest closely misses you.
The orc hits you with a short sword.
You die...

, , * ..........# * ,
∩....... ..., , , ,, *
.....#. ..#.,* * #
#......,..%. * .# *
*#......*#.##.# #.# #
....... #.##.####.# .#
.......##oZ.......#####.#
#....ro@# *#.#......#.#
#.#..##.####..###.....#.
,
.....,#÷......#.#.......
..#.#.#
#.##...#.⌠.#..#.#. , #
#.# #.##..(.#.#..<....
###.#.##....###.....## *
,
,*.###...##..............
, *
................###.#.##
* #.(###..###.....#,....#


You could see an orc priest, an orc, a quokka and an adder skeleton.

Vanquished Creatures
  An ogre (D:4)
  A crimson imp (D:5)
  A hound (D:3)
  An orc wizard (D:3)
  Natasha (D:3)
  3 worker ants
  A howler monkey skeleton (D:4)
  An adder (D:3)
  2 oozes
  6 worms
  5 dart slugs
  4 leopard geckos
  5 orcs
  6 giant cockroaches
  7 hobgoblins
  10 jackals
  2 quokkas
  A ball python (D:3)
  13 bats
  2 frilled lizards
  12 goblins
  4 kobolds
  A leopard gecko skeleton (D:4)
  10 rats
100 creatures vanquished.

Vanquished Creatures (others)
  A plant (D:3)
1 creature vanquished.

Grand Total: 101 creatures vanquished

Notes
Turn   | Place    | Note
-------+----------+-------------------------------------------
     0 | D:1      | Amnesiac the Deep Dwarf Earth Elementalist began the quest
                  | for the Orb.
     0 | D:1      | Reached XP level 1. HP: 15/15 MP: 3/3
    74 | D:1      | Reached XP level 2. HP: 19/22 MP: 5/5
    87 | D:1      | Learned a level 2 spell: Passwall
   177 | D:1      | Reached skill level 1 in Transmutations
   231 | D:1      | Reached XP level 3. HP: 15/28 MP: 6/6
   409 | D:1      | Reached skill level 1 in Short Blades
  1500 | D:3      | Reached XP level 4. HP: 35/36 MP: 5/7
  1704 | D:3      | Learned a level 4 spell: Petrify
  1775 | D:3      | Found a burning altar of Makhleb.
  1800 | D:3      | Reached XP level 5. HP: 35/42 MP: 0/8
  1870 | D:3      | Found an opulent altar of Gozag.
  1870 | D:3      | Found a deep blue altar of Sif Muna.
  1871 | D:3      | Found a basalt altar of Yredelemnul.
  2402 | D:4      | Noticed an ogre
  2486 | D:4      | Noticed a slave
  2543 | D:4      | Gained mutation: Your system is resistant to poisons.
                  | (rPois) [potion of mutation]
  2543 | D:4      | Gained mutation: Your spells are a little harder to cast,
                  | but a little more powerful. [potion of mutation]
  2685 | D:4      | Found a snail-covered altar of Cheibriados.
  2696 | D:4      | Noticed Pikel
  2772 | D:4      | HP: 1/42 [leopard gecko (3)]
  2798 | D:4      | Noticed a slave
  2828 | D:4      | Killed an ogre
  2828 | D:4      | Reached XP level 6. HP: 11/49 MP: 1/9
  3030 | D:4      | Found a sparkling altar of Nemelex Xobeh.
  3073 | D:4      | Found a staircase to the Ecumenical Temple.
  3191 | D:4      | Noticed a slave
  3315 | Temple   | Entered the Ecumenical Temple
  3402 | Temple   | Became a worshipper of Ashenzari the Shackled
  3942 | D:3      | Noticed Natasha
  3947 | D:3      | Killed Natasha
  3947 | D:3      | Reached skill level 5 in Earth Magic
  4143 | D:5      | Entered Level 5 of the Dungeon
  4198 | D:5      | HP: 2/49 [orc priest/flail (3)]
  4200 | D:5      | Slain by an orc

Vault maps used:
D:1:      dpeg_arrival_ratfight
D:3:      gammafunk_temple_overflow_forgotten, first_ration,
          gup_sewer_entry_spiral, grunt_decor_cap, makhleb_heckhound_becter,
          uniq_natasha
D:4:      cheibriados_altar_1, minmay_temple_entry_statues_fountains,
          nemelex_lonely_heart_becter, uniq_pikel
D:5:      serial_shops, shop, hangedman_decor_riveting, grunt_decor_one_mirror
Temple:   regret_index_temple_waves

Skill      XL: |  1  2  3  4  5  6 |
---------------+-------------------+-----
Spellcasting   | 2 |  2.6
Stealth        | 3 4 |  4.0
Transmutations | 1 2 |  2.8
Short Blades   | 1 2 3 |  3.8
Earth Magic    | 5 |  5.1
Dodging        | |  2.1

Action                   |  1- 3 |  4- 6 || total
-------------------------+-------+-------++-------
Melee: Dagger            |   148 |   174 ||   322
       Unarmed           |       |    10 ||    10
 Cast: Sandblast         |     8 |    52 ||    60
       Petrify           |       |     5 ||     5
       Passwall          |       |     2 ||     2
  Use: Scroll            |     6 |     2 ||     8
       Potion            |     4 |     3 ||     7
 Stab: Sleeping          |     6 |     8 ||    14
       Petrified         |       |     4 ||     4
       Petrifying        |       |     1 ||     1
  Eat: Chunk             |     2 |    27 ||    29
Armor: Robe              |    64 |    51 ||   115
Dodge: Dodged            |   150 |   165 ||   315

Table legend:
 A = Non-vault XP
 B = Vault XP
 C = Vault XP percentage of total XP
 D = Non-vault monster count
 E = Vault monster count
 F = Vault count percentage of total count
                 A         B        C        D         E       F
            +---------+---------+-------+---------+---------+-------
      Total |     507 |     106 |  17.3 |      86 |      14 |  14.0
            +---------+---------+-------+---------+---------+-------
        D:1 |      62 |       5 |   7.5 |      30 |       5 |  14.3
        D:2 |      23 |       0 |   0.0 |      12 |       0 |   0.0
        D:3 |     153 |     101 |  39.8 |      30 |       9 |  23.1
        D:4 |     207 |       0 |   0.0 |       8 |       0 |   0.0
        D:5 |      62 |       0 |   0.0 |       6 |       0 |   0.0
            +---------+---------+-------+---------+---------+-------
